[Event "Titled Tuesday Blitz August 09 Late 2022"]
[White "Sarana, Alexey"]
[Black "Nakamura, Hikaru"]
[WhiteFideId "24133795"]
[BlackFideId "2016192"]
[WhiteElo "2666"]
[BlackElo "2850"]
[Result "0-1"]
[Round "08"]
[TimeControl "180+1"]
[Date "2022.08.09"]
[WhiteClock "0:00:24"]
[BlackClock "0:00:52"]

1. d4 f5 2. c4 Nf6 3. Nc3 d6 4. Bg5 Nbd7 5. e3 g6 6. Bd3 e5 7. f3 c6 8. Nge2 Be7 9. O-O O-O 10. Qd2 Re8 11. Bc2 Nh5 12. Bxe7 Qxe7 13. Rae1 Nb6 14. b3 Be6 15. a4 Bf7 16. a5 Nd7 17. a6 b6 18. f4 Rad8 19. Ng3 Nxg3 20. hxg3 e4 21. g4 Kh8 22. g5 h6 23. gxh6 Nf6 24. g3 Kh7 25. Kg2 Kxh6 26. Rh1+ Kg7 27. Rh4 Rh8 28. Reh1 Rxh4 29. Rxh4 d5 30. cxd5 Bxd5 31. Na4 Bf7 32. Rh1 c5 33. Nc3 cxd4 34. exd4 Qd7 35. Rd1 Rc8 36. Ne2 Qc6 37. Qe1 Nd5 38. Qf2 Qxc2 39. Rc1 Qxc1 40. Nxc1 Rxc1 41. g4 Rc2 0-1


[Site "https://www.chess.com"]

[Event "Titled Tuesday Blitz August 09 Late 2022"]
[White "Shimanov, Aleksandr"]
[Black "Schmakel, Sam"]
[WhiteFideId "4198603"]
[BlackFideId "2039311"]
[WhiteElo "2605"]
[BlackElo "2356"]
[Result "1-0"]
[Round "08"]
[TimeControl "180+1"]
[Date "2022.08.09"]
[WhiteClock "0:00:05"]
[BlackClock "0:00:02"]

1. e4 g6 2. d4 Bg7 3. Nf3 c6 4. h3 d5 5. Nc3 Nf6 6. e5 Ne4 7. Nxe4 dxe4 8. Ng5 c5 9. Bc4 O-O 10. dxc5 Qa5+ 11. c3 Nc6 12. Nxe4 Bf5 13. Qe2 Nxe5 14. Bb3 Qa6 15. Qxa6 bxa6 16. Ng3 Nd3+ 17. Ke2 Nxc5 18. Nxf5 gxf5 19. Be3 Rfc8 20. Rhd1 a5 21. Rd5 Nxb3 22. axb3 Rab8 23. Raxa5 Rxb3 24. Bc1 Rb7 25. Rxf5 e6 26. Rfb5 Rcb8 27. Rxb7 Rxb7 28. Kd3 Bf6 29. b4 Rc7 30. Bd2 Kf8 31. Ra6 Ke8 32. g4 Kd7 33. c4 Kc8 34. Be3 Rd7+ 35. Ke4 Kb8 36. b5 Be7 37. c5 Rd5 38. c6 Rxb5 39. Rxa7 f5+ 40. Kf3 Bd6 41. Rxh7 Rb3 42. Rf7 f4 43. Rxf4 Bxf4 44. Kxf4 Kc7 45. Ke5 Kxc6 46. Kxe6 Rb4 47. Kf5 Kd7 48. h4 Ke8 49. h5 Kf7 50. g5 Rb5+ 51. Kg4 Rb1 52. g6+ Kg7 53. Bg5 Rh1 54. f4 Rb1 55. f5 Rg1+ 56. Kf4 Rf1+ 57. Ke4 Re1+ 58. Be3 Kf6 59. h6 Rh1 60. h7 Rh4+ 61. Kd3 Kxf5 62. g7 Rxh7 63. g8=Q 1-0


[Site "https://www.chess.com"]

[Event "Titled Tuesday Blitz August 09 Late 2022"]
[White "Sorkin, Igor"]
[Black "Rosen, Eric"]
[WhiteFideId "2803283"]
[BlackFideId "2032562"]
[WhiteElo "2401"]
[BlackElo "2362"]
[Result "0-1"]
[Round "08"]
[TimeControl "180+1"]
[Date "2022.08.09"]
[WhiteClock "0:00:14"]
[BlackClock "0:00:06"]

1. d4 d5 2. Nf3 Nf6 3. Bf4 c5 4. e3 Nc6 5. Nbd2 cxd4 6. exd4 Bf5 7. c3 e6 8. Qb3 Bd6 9. Bg3 O-O 10. Be2 Rb8 11. a4 h6 12. O-O a6 13. Bxd6 Qxd6 14. Qa3 Qc7 15. a5 Ne8 16. Rfc1 Nd6 17. h3 Rfe8 18. b3 Ne4 19. Nf1 Rbd8 20. Ne3 Bg6 21. Bf1 Qf4 22. Qb2 Bh5 23. Ne1 Rc8 24. Nd3 Qf6 25. b4 Rc7 26. Re1 Ne7 27. Nc5 Nd6 28. b5 axb5 29. Bxb5 Ra8 30. Bd3 Ng6 31. Qb6 Rc6 32. Qb4 Nf4 33. Bf1 Qg5 34. Kh2 Ra7 35. a6 b6 36. Nb7 Nxb7 37. axb7 Rxb7 38. Ra8+ Kh7 39. Qf8 Rxc3 40. Qh8+ Kg6 41. Rg8 f6 42. g4 Qh4 43. gxh5+ Kxh5 44. Ng4 Rxh3+ 45. Bxh3 Qxh3+ 46. Kg1 Qg2# 0-1


[Site "https://www.chess.com"]

[Event "Titled Tuesday Blitz August 09 Late 2022"]
[White "Souleidis, Georgios"]
[Black "Przybylski, Wojciech"]
[WhiteFideId "4206827"]
[BlackFideId "1117599"]
[WhiteElo "2401"]
[BlackElo "2133"]
[Result "0-1"]
[Round "08"]
[TimeControl "180+1"]
[Date "2022.08.09"]
[WhiteClock "0:00:03"]
[BlackClock "0:00:04"]

1. e4 e5 2. Nf3 Nf6 3. Nc3 Bb4 4. Nxe5 O-O 5. Be2 Re8 6. Nd3 Bxc3 7. dxc3 Nxe4 8. Nf4 c6 9. c4 d6 10. O-O Na6 11. f3 Nf6 12. Rf2 Nc5 13. b3 Qe7 14. Bb2 Bf5 15. Qd2 Rad8 16. Rd1 h6 17. Bf1 Ne6 18. Re2 Nh7 19. g4 Qg5 20. Nxe6 Bxe6 21. h3 d5 22. c5 h5 23. f4 Qh4 24. f5 Bd7 25. Qf4 hxg4 26. Qxg4 Qxg4+ 27. hxg4 Ng5 28. Kg2 Rxe2+ 29. Bxe2 Re8 30. Bd3 f6 31. Bc3 Kf7 32. Re1 Rh8 33. Rh1 Re8 34. Bd2 Ne4 35. Bf4 Nxc5 36. Rd1 Ne4 37. Kf3 Nc3 38. Rh1 Nxa2 39. g5 fxg5 40. Bxg5 Nb4 0-1


[Site "https://www.chess.com"]

[Event "Titled Tuesday Blitz August 09 Late 2022"]
[White "Taichman, Ori"]
[Black "Tanenbaum, Zachary"]
[WhiteFideId "2804069"]
[BlackFideId "2060850"]
[WhiteElo "2227"]
[BlackElo "2175"]
[Result "1/2-1/2"]
[Round "08"]
[TimeControl "180+1"]
[Date "2022.08.09"]
[WhiteClock "0:00:10"]
[BlackClock "0:00:09"]

1. e4 e5 2. d4 Nc6 3. dxe5 Nxe5 4. f4 Nc6 5. Bc4 d6 6. Nc3 Nf6 7. Nf3 Be7 8. O-O O-O 9. h3 Be6 10. Bxe6 fxe6 11. g4 Qe8 12. Ng5 Qd7 13. f5 exf5 14. exf5 h6 15. Ne6 Rfe8 16. Nd5 Rac8 17. h4 Ne5 18. g5 hxg5 19. hxg5 Nxd5 20. Qxd5 c6 21. Qh1 Rf8 22. Nxf8 Rxf8 23. g6 Nxg6 24. fxg6 Qg4+ 25. Qg2 Qd4+ 26. Be3 Qxe3+ 27. Kh1 Qh6+ 28. Qh2 Rxf1+ 29. Rxf1 Qxg6 30. Qh3 Qe4+ 31. Qf3 Qxf3+ 32. Rxf3 Bf6 33. b4 d5 34. a4 Kf7 35. b5 Ke6 36. bxc6 bxc6 37. Rb3 Kd6 38. a5 Bd4 39. a6 c5 40. Rb6+ Ke5 41. Rb7 c4 42. Rxg7 Ke4 43. Re7+ Kf3 44. Kh2 Be3 45. Kh3 Ke2 46. Rd7 d4 47. Rxa7 d3 48. cxd3 cxd3 49. Rd7 d2 50. Rxd2+ Kxd2 51. Kg4 Kd3 52. Kf5 Kc4 53. a7 Bxa7 1/2-1/2


[Site "https://www.chess.com"]

[Event "Titled Tuesday Blitz August 09 Late 2022"]
[White "Terry, Renato"]
[Black "Pakleza, Zbigniew"]
[WhiteFideId "3803457"]
[BlackFideId "1119290"]
[WhiteElo "2577"]
[BlackElo "2411"]
[Result "1-0"]
[Round "08"]
[TimeControl "180+1"]
[Date "2022.08.09"]
[WhiteClock "0:00:07"]
[BlackClock "0:00:02"]

1. d4 d6 2. Nf3 Bg4 3. c4 c6 4. g3 Bxf3 5. exf3 e6 6. d5 exd5 7. cxd5 c5 8. Qb3 Qc7 9. Nc3 a6 10. a4 Nf6 11. Be2 Be7 12. O-O O-O 13. Be3 b6 14. Rac1 Nbd7 15. Qc2 Rfe8 16. f4 Qb7 17. Qd3 Bf8 18. b3 g6 19. g4 h6 20. Rfe1 Bg7 21. h3 Re7 22. Kh2 Qc7 23. g5 hxg5 24. fxg5 Ne5 25. Qc2 Nh7 26. f4 Nd7 27. Qd2 Qb7 28. Bc4 Rae8 29. h4 Nhf8 30. Kg1 Qa7 31. Kf1 Qb7 32. h5 Qc8 33. h6 Bh8 34. Kg2 Nb8 35. Bf2 f6 36. Bg3 1-0


[Site "https://www.chess.com"]

[Event "Titled Tuesday Blitz August 09 Late 2022"]
[White "Wan, Joseph"]
[Black "Amburgy, Ryan"]
[WhiteFideId "2069890"]
[BlackFideId "30924820"]
[WhiteElo "2198"]
[BlackElo "2066"]
[Result "0-1"]
[Round "08"]
[TimeControl "180+1"]
[Date "2022.08.09"]
[WhiteClock "0:00:02"]
[BlackClock "0:00:10"]

1. d4 Nf6 2. Bf4 b6 3. e3 Bb7 4. Nf3 Nh5 5. Bg5 h6 6. Bh4 g5 7. Nfd2 Nf4 8. exf4 gxh4 9. Nf3 e6 10. Bd3 Qf6 11. g3 Bg7 12. c3 d6 13. Nbd2 Nd7 14. Qe2 O-O-O 15. O-O-O hxg3 16. hxg3 e5 17. dxe5 dxe5 18. f5 Nc5 19. Bc2 Qc6 20. Rh4 Rhe8 21. Kb1 e4 22. Ne1 Ba6 23. Qe3 Bd3 24. Bxd3 exd3 25. Qf3 Qxf3 26. Nexf3 Re2 27. f6 Bf8 28. Rh2 Rde8 29. a3 Na4 30. Nd4 Re1 31. Rxe1 Rxe1+ 32. Ka2 Rd1 33. N4f3 Nc5 34. Rh4 Nd7 35. Rd4 Nxf6 36. Rxd3 Ng4 37. Rd5 Nxf2 38. Rf5 Bd6 39. Rxf7 Bxg3 40. Rh7 Rh1 41. Nd4 Nd3 42. Ne4 Be5 43. Nb5 Nc1+ 44. Kb1 Nb3+ 45. Kc2 Nc5 46. Nxc5 bxc5 47. Nxa7+ Kb7 48. Nb5 h5 49. a4 h4 50. a5 h3 51. Kb3 h2 52. Rh5 Re1 53. Rg5 h1=Q 54. Nd6+ Bxd6 0-1


[Site "https://www.chess.com"]

[Event "Titled Tuesday Blitz August 09 Late 2022"]
[White "Yanchenko, Roman"]
[Black "Esipenko, Andrey"]
[WhiteFideId "4137329"]
[BlackFideId "24175439"]
[WhiteElo "2514"]
[BlackElo "2619"]
[Result "1-0"]
[Round "08"]
[TimeControl "180+1"]
[Date "2022.08.09"]
[WhiteClock "0:00:07"]
[BlackClock "0:00:14"]

1. d4 Nf6 2. c4 d5 3. Nf3 e6 4. Nc3 c5 5. e3 a6 6. a3 dxc4 7. Bxc4 b5 8. Be2 Bb7 9. O-O Nbd7 10. b3 Bd6 11. Bb2 O-O 12. h3 Rc8 13. Qd2 Qe7 14. Rfd1 Rfd8 15. Qe1 h6 16. dxc5 Nxc5 17. Nd4 Bb8 18. b4 Qc7 19. f4 Ncd7 20. Rac1 Qb6 21. Qg3 Re8 22. Bf3 Bxf3 23. gxf3 Kh7 24. Ne4 Rxc1 25. Rxc1 Nxe4 26. fxe4 e5 27. Rc6 Qb7 28. Nf5 Rg8 29. Ne7 Nf6 30. Rxf6 Qxe7 31. Rf5 g6 32. Rxe5 Bxe5 33. Bxe5 Qd7 34. Bd4 Qc6 35. Qf3 Rc8 36. f5 g5 37. Qh5 Rc7 38. Kf2 Qxe4 39. Kg3 Qxf5 40. Qe2 h5 41. Qxh5+ 1-0


[Site "https://www.chess.com"]

[Event "Titled Tuesday Blitz August 09 Late 2022"]
[White "Altman, Joshua"]
[Black "Bartholomew, John"]
[WhiteFideId "426210"]
[BlackFideId "2019353"]
[WhiteElo "1945"]
[BlackElo "2747"]
[Result "0-1"]
[Round "09"]
[TimeControl "180+1"]
[Date "2022.08.09"]
[WhiteClock "0:00:02"]
[BlackClock "0:00:09"]

1. d4 d5 2. c4 c6 3. cxd5 cxd5 4. Nf3 Nf6 5. Nc3 Nc6 6. Bf4 e6 7. e3 Bd6 8. Bg3 O-O 9. Bd3 Qe7 10. Ne5 Bxe5 11. dxe5 Nd7 12. f4 f5 13. exf6 Nxf6 14. O-O Bd7 15. Qd2 Rac8 16. Rae1 Qc5 17. Bf2 Ng4 18. h3 Nxf2 19. Qxf2 e5 20. Qh4 e4 21. Bc2 Be6 22. Bb3 Nb4 23. Nxe4 Qb6 24. Ng5 Bf5 25. Kh1 Kh8 26. e4 dxe4 27. Be6 h6 28. Bxc8 Rxc8 29. Nxe4 Nd3 30. Re2 Nc1 31. Ree1 Nd3 32. Qh5 Bg6 33. Qg4 Re8 34. f5 Nxe1 35. fxg6 Nd3 36. Qd7 Qxg6 37. Nd6 Re2 38. Nf7+ Kh7 39. Rg1 Nf2+ 40. Kh2 Ne4 41. Qg4 Qxg4 42. hxg4 Rxb2 43. Ne5 Rxa2 44. Re1 Nf6 45. Nf7 Nxg4+ 46. Kg3 Nf6 47. Re7 Ra3+ 48. Kh2 Rb3 49. g3 a5 50. Ne5 Re3 51. g4 Rxe5 0-1


[Site "https://www.chess.com"]

[Event "Titled Tuesday Blitz August 09 Late 2022"]
[White "Amburgy, Ryan"]
[Black "Kamsky, Gata"]
[WhiteFideId "30924820"]
[BlackFideId "2000024"]
[WhiteElo "2066"]
[BlackElo "2666"]
[Result "1-0"]
[Round "09"]
[TimeControl "180+1"]
[Date "2022.08.09"]
[WhiteClock "0:00:08"]
[BlackClock "0:00:01"]

1. Nf3 f5 2. d3 Nc6 3. d4 Nf6 4. c4 e6 5. g3 Bb4+ 6. Bd2 a5 7. Bg2 O-O 8. O-O Bxd2 9. Nbxd2 d6 10. a3 a4 11. Nb1 e5 12. d5 Nb8 13. Nc3 Qe8 14. Ne1 Bd7 15. Nd3 Na6 16. e4 fxe4 17. Nxe4 Bf5 18. f3 b6 19. Nb4 Nc5 20. Nxc5 bxc5 21. Nc6 Bd7 22. f4 Bxc6 23. dxc6 exf4 24. Rxf4 Qe3+ 25. Kh1 Rfe8 26. Qc2 Qe2 27. Rc1 Qxc2 28. Rxc2 Rab8 29. Bd5+ Kh8 30. g4 Re5 31. Rd2 h5 32. gxh5 Rxh5 33. Kg2 Kh7 34. Bf3 Rg5+ 35. Kf2 Kg6 36. h4 Re5 37. Kf1 Kh6 38. Rg2 Rb3 39. Bd1 Rh3 40. Bc2 Rh1+ 41. Kf2 Rc1 42. Bd3 Rd1 43. Rg6+ Kh5 44. Rg5+ Rxg5 45. hxg5 Kxg5 46. Rf3 Rd2+ 47. Ke3 Rxb2 48. Rg3+ Kh4 49. Rxg7 Rb3 50. Rxc7 Ng4+ 51. Ke4 Nf2+ 52. Kf5 Rxd3 53. Rh7+ Kg3 54. c7 Rf3+ 55. Ke6 Rf8 56. Rd7 Ne4 57. Rd8 Ng5+ 58. Kd5 1-0


[Site "https://www.chess.com"]

[Event "Titled Tuesday Blitz August 09 Late 2022"]
[White "Averjanov, Alexey"]
[Black "Kosteniuk, Alexandra"]
[WhiteFideId "14109867"]
[BlackFideId "4128125"]
[WhiteElo "2624"]
[BlackElo "2469"]
[Result "1/2-1/2"]
[Round "09"]
[TimeControl "180+1"]
[Date "2022.08.09"]
[WhiteClock "0:00:25"]
[BlackClock "0:00:15"]

1. d4 f5 2. c4 Nf6 3. Nf3 g6 4. g3 Bg7 5. Bg2 O-O 6. O-O d6 7. b3 Nc6 8. Bb2 Qe8 9. d5 Nd8 10. Nc3 e5 11. dxe6 Nxe6 12. Rc1 Nc5 13. Nd4 Nfe4 14. Nd5 Qf7 15. e3 Ne6 16. Nxe6 Bxe6 17. Bxg7 Qxg7 18. Qc2 Rae8 19. Rfd1 Bc8 20. b4 h6 21. Nc3 Nf6 22. Nd5 Ne4 23. Nc3 Ng5 24. Nd5 Kh7 25. c5 dxc5 26. Qxc5 c6 27. Nf4 Ne6 28. Nxe6 Bxe6 29. Qxa7 Ra8 30. Qb6 Ra6 31. Qc5 Rxa2 32. Rd6 Re8 33. Rcd1 Qb2 34. Rf1 Qg7 35. Rfd1 Ra1 36. h4 Rxd1+ 37. Rxd1 Qe7 38. Qb6 Ra8 39. b5 cxb5 40. Qxb5 Rb8 41. Qb6 Kg7 42. Rd6 Re8 43. Qxb7 Qxb7 44. Bxb7 Re7 45. Bd5 Bxd5 46. Rxd5 Kf6 47. Rd6+ Kg7 48. Kg2 Re4 49. Kf3 Ra4 50. Rd7+ Kf6 51. Rd6+ Kg7 52. Rc6 Rb4 53. Ra6 Rc4 54. Ra7+ Kf6 55. Rh7 h5 56. Ra7 Rb4 57. Ra6+ Kg7 58. Rd6 Kf7 59. Rd7+ Kf6 60. Rd6+ Kf7 61. Rd4 Rb2 62. Rd7+ Kf6 63. Rd6+ Kf7 64. Rc6 Ra2 65. Rb6 Rc2 66. Rb7+ Kf6 67. Rb6+ Kf7 68. Ra6 Rb2 69. Ra4 Kf6 70. Ra6+ Kf7 71. Ra3 Kf6 72. Ra4 Rc2 73. e4 fxe4+ 74. Rxe4 Rb2 75. Ke3 Ra2 76. f3 Ra6 77. Kf4 Rc6 78. Rd4 Rb6 79. Rc4 Ra6 80. Rb4 Rc6 81. Ra4 Rd6 82. Rb4 Rc6 83. g4 hxg4 84. fxg4 Rc1 85. Rb6+ Kg7 86. Rb7+ Kf6 87. g5+ Ke6 88. Rb6+ Kf7 89. Rb4 Re1 90. Re4 Rf1+ 91. Kg4 Rg1+ 92. Kf4 Rf1+ 93. Ke5 Ra1 94. Rd4 Re1+ 95. Re4 Ra1 96. Kf4 Rf1+ 1/2-1/2


[Site "https://www.chess.com"]

[Event "Titled Tuesday Blitz August 09 Late 2022"]
[White "Bjelobrk, Igor"]
[Black "Bodnar, Nikolay"]
[WhiteFideId "4300726"]
[BlackFideId "14106469"]
[WhiteElo "2335"]
[BlackElo "2283"]
[Result "1-0"]
[Round "09"]
[TimeControl "180+1"]
[Date "2022.08.09"]
[WhiteClock "0:00:41"]
[BlackClock "0:00:04"]

1. Nf3 d5 2. e3 Bg4 3. c4 c6 4. cxd5 cxd5 5. Qb3 Qc8 6. Nc3 Bxf3 7. gxf3 e6 8. d4 Nc6 9. Bd2 Nf6 10. Rc1 Qd7 11. Na4 Rc8 12. Nc5 Bxc5 13. Rxc5 O-O 14. Be2 b6 15. Rc2 Na5 16. Bxa5 Rxc2 17. Qxc2 bxa5 18. O-O Rc8 19. Qd2 Qc7 20. Ba6 Rb8 21. Rc1 Qb6 22. Bf1 h6 23. b3 Nd7 24. Rc3 g6 25. Qc2 Rb7 26. Rc6 Qb4 27. Bd3 Kg7 28. Kg2 Qe7 29. Qc3 Qg5+ 30. Kf1 Qh5 31. Ke2 Qxh2 32. Qxa5 Nf6 33. Qd8 Rb8 34. Qe7 Ng8 35. Qxa7 h5 36. Rxe6 Kf8 37. Re5 Rd8 38. Qc7 Ra8 39. Re8+ Rxe8 40. Qxh2 Nf6 41. b4 Ra8 42. Bb1 Kg7 43. b5 Ra5 44. Qb8 h4 45. Qb6 h3 46. Qxa5 h2 47. Qe1 1-0


[Site "https://www.chess.com"]

[Event "Titled Tuesday Blitz August 09 Late 2022"]
[White "Blanco Ronquillo, Humberto L."]
[Black "Hambleton, Aman"]
[WhiteFideId "3504239"]
[BlackFideId "2606577"]
[WhiteElo "2425"]
[BlackElo "2538"]
[Result "1-0"]
[Round "09"]
[TimeControl "180+1"]
[Date "2022.08.09"]
[WhiteClock "0:00:29"]
[BlackClock "0:00:02"]

1. d4 Nf6 2. c4 e6 3. Nf3 b6 4. g3 Ba6 5. Qa4 Bb7 6. Bg2 c5 7. O-O cxd4 8. Rd1 Be7 9. Bf4 O-O 10. Nxd4 Bxg2 11. Kxg2 Qc8 12. Nb5 Qc6+ 13. f3 a6 14. N5c3 Qb7 15. Nd2 Rc8 16. Rac1 Nc6 17. Nb3 h6 18. Bd6 Bxd6 19. Rxd6 Ne5 20. Nd2 Nxc4 21. Nxc4 b5 22. Na5 Qc7 23. Qb4 Nd5 24. Nxd5 Qxc1 25. Ne7+ Kh7 26. Nxc8 Rxc8 27. Rxd7 Rc2 28. Qe4+ f5 29. Qe5 Qe1 30. Qxg7# 1-0


[Site "https://www.chess.com"]

[Event "Titled Tuesday Blitz August 09 Late 2022"]
[White "Bortnyk, Olexandr"]
[Black "Terry, Renato"]
[WhiteFideId "14120828"]
[BlackFideId "3803457"]
[WhiteElo "2723"]
[BlackElo "2577"]
[Result "1-0"]
[Round "09"]
[TimeControl "180+1"]
[Date "2022.08.09"]
[WhiteClock "0:00:06"]
[BlackClock "0:00:03"]

1. d4 e6 2. Nc3 d5 3. e4 Bb4 4. Qd3 Nc6 5. Nf3 Nf6 6. e5 Ne4 7. a3 Ba5 8. b4 Nxc3 9. Qxc3 Bb6 10. Bd3 h6 11. h4 a5 12. b5 Ne7 13. a4 Bd7 14. Ba3 c6 15. Rb1 cxb5 16. Bxb5 Nc6 17. O-O Rc8 18. Qd2 Ba7 19. c3 Ne7 20. Rb3 O-O 21. Rfb1 b6 22. Qd3 Re8 23. Nd2 Bxb5 24. Rxb5 Ng6 25. g3 Rc6 26. c4 Qd7 27. cxd5 exd5 28. Qf3 Rd8 29. Bd6 Rxd6 30. exd6 Qxd6 31. Nf1 Ne7 32. Ne3 Qe6 33. Rc1 Bb8 34. Re1 f5 35. Kf1 Qf7 36. Rxb6 Ba7 37. Rb7 Bxd4 38. Ng2 Bf6 39. Nf4 d4 40. Ne6 Rc8 41. Nxd4 Qc4+ 42. Ne2 Qxa4 43. Kg2 Qc6 44. Qxc6 Rxc6 45. Nf4 Kf7 46. Nd5 Re6 47. Rxe6 Kxe6 48. Nxf6 Kxf6 49. Rb6+ Kf7 50. Ra6 a4 51. Rxa4 g5 52. Ra6 gxh4 53. gxh4 Ng6 54. Kg3 h5 55. f4 Kg7 56. Ra5 Kf6 57. Rb5 Ke6 58. Rb7 Kf6 59. Rh7 Nf8 60. Rxh5 Ne6 61. Rh6+ Kf7 62. Rxe6 Kxe6 63. Kf3 Kf6 64. Ke3 Kg6 65. Kd4 Kh5 66. Ke5 Kg4 67. h5 1-0


[Site "https://www.chess.com"]

[Event "Titled Tuesday Blitz August 09 Late 2022"]
[White "Clarke, Brandon G I"]
[Black "Janaszak, Dawid"]
[WhiteFideId "400319"]
[BlackFideId "1119206"]
[WhiteElo "2414"]
[BlackElo "2165"]
[Result "0-1"]
[Round "09"]
[TimeControl "180+1"]
[Date "2022.08.09"]
[WhiteClock "0:00:04"]
[BlackClock "0:00:33"]

1. e4 c5 2. Nf3 Nc6 3. Nc3 g6 4. d4 cxd4 5. Nxd4 Bg7 6. Be3 Nf6 7. Bc4 O-O 8. Bb3 Re8 9. f3 e6 10. f4 Nd5 11. Nxd5 exd5 12. Bxd5 Qb6 13. Nf5 Qxb2 14. Nxg7 Qc3+ 15. Kf2 Qxg7 16. Rb1 d6 17. Qd3 Be6 18. Rxb7 Bxd5 19. Qxd5 Nd8 20. Rd7 Rc8 21. Rc1 Qb2 22. Qb3 Qf6 23. Kf3 Ne6 24. Qd5 Rc3 25. g3 Nd4+ 26. Kf2 Nxc2 27. Bxa7 Nb4 28. Qxf7+ Qxf7 29. Rxf7 Rxc1 30. Rb7 Rc2+ 31. Ke3 Rxa2 32. Bd4 Nc2+ 33. Kd3 Nxd4 34. Kxd4 Rxh2 35. Kd5 Rd2+ 36. Kc6 Rxe4 37. Rb8+ Kg7 38. Rb7+ Kh6 39. Rb8 Re3 0-1


[Site "https://www.chess.com"]

[Event "Titled Tuesday Blitz August 09 Late 2022"]
[White "Csonka, Balazs"]
[Black "Goncalves, Davi Sulzbacher"]
[WhiteFideId "742910"]
[BlackFideId "2154510"]
[WhiteElo "2404"]
[BlackElo "2107"]
[Result "1/2-1/2"]
[Round "09"]
[TimeControl "180+1"]
[Date "2022.08.09"]
[WhiteClock "0:00:02"]
[BlackClock "0:00:11"]

1. e4 e6 2. d4 d5 3. Nd2 dxe4 4. Nxe4 Be7 5. Nf3 Nf6 6. Bd3 Nbd7 7. Qe2 O-O 8. O-O c5 9. dxc5 Nxc5 10. Nxc5 Bxc5 11. Bg5 h6 12. Bh4 Be7 13. Rad1 Nd5 14. Bg3 Bd7 15. Ne5 Kh8 16. c4 Nf6 17. Bh4 Bc6 18. Bb1 Qa5 19. Bxf6 Bxf6 20. Qc2 g6 21. Nxg6+ fxg6 22. Qxg6 Qc7 23. Qxh6+ Kg8 24. Rd3 Kf7 25. Qh7+ Bg7 26. Rg3 Rg8 27. Bg6+ Kf8 28. Be4 Bxe4 29. Qxe4 Be5 30. Rxg8+ Kxg8 31. Qg6+ Kh8 32. Qh6+ Qh7 33. Qxh7+ Kxh7 34. g3 Bxb2 35. Rb1 Bd4 36. Rxb7+ Kg6 37. Kg2 Rc8 38. Rb4 Bc3 39. Ra4 a5 40. Kf3 Bb4 41. h4 Rxc4 42. Kg2 Rc2 43. a3 Ra2 44. Kf3 Rxa3+ 45. Rxa3 Bxa3 46. Ke4 Bb2 47. f4 a4 48. Kd3 a3 49. Kc2 Bf6 50. Kb3 Be7 51. Ka2 Kf5 52. h5 e5 53. fxe5 Kxe5 54. Kb3 Kf6 55. g4 Kg5 56. Ka2 Kh6 57. Kb3 Bd6 58. Ka2 Kg5 59. Kb3 Kf6 60. Ka2 Kg5 61. Kb3 Kxg4 62. h6 Kf5 63. h7 Be5 64. h8=Q Bxh8 65. Kxa3 1/2-1/2


[Site "https://www.chess.com"]

[Event "Titled Tuesday Blitz August 09 Late 2022"]
[White "Demchenko, Anton"]
[Black "Pulpan, Jakub"]
[WhiteFideId "4160258"]
[BlackFideId "302759"]
[WhiteElo "2539"]
[BlackElo "2451"]
[Result "0-1"]
[Round "09"]
[TimeControl "180+1"]
[Date "2022.08.09"]
[WhiteClock "0:00:01"]
[BlackClock "0:00:11"]

1. e4 c5 2. Nf3 Nc6 3. Bb5 d6 4. O-O Bd7 5. Re1 Nf6 6. c3 a6 7. Bc4 b5 8. Bf1 Bg4 9. a4 Rb8 10. axb5 axb5 11. Na3 b4 12. Nc4 e6 13. Qa4 Qd7 14. e5 Bxf3 15. exf6 Bd5 16. Ne3 Be4 17. Bb5 Qb7 18. Ba6 Qd7 19. d3 Bxd3 20. Bxd3 Ne5 21. Qxd7+ Kxd7 22. Ra7+ Kc6 23. Be2 Rb7 24. Ra6+ Rb6 25. Rxb6+ Kxb6 26. f4 Nc6 27. fxg7 Bxg7 28. Bd2 Ra8 29. Rb1 d5 30. cxb4 c4 31. Nc2 Kc7 32. b5 Nd4 33. Nxd4 Bxd4+ 34. Kf1 Rb8 35. Bc3 Bc5 36. Be5+ Bd6 37. Ke1 Rxb5 38. Kd2 f6 39. Bxd6+ Kxd6 40. Kc2 Kc5 41. Ra1 d4 42. Bf3 d3+ 43. Kc1 Kd4 44. Ra6 e5 45. fxe5 fxe5 46. Rd6+ Ke3 47. Rd5 d2+ 48. Kd1 Rxb2 49. Rxe5+ Kd3 50. Be2+ Kc3 51. Re3+ Kd4 52. Ra3 c3 53. Ra4+ Ke3 0-1


[Site "https://www.chess.com"]

[Event "Titled Tuesday Blitz August 09 Late 2022"]
[White "Dimitrov, Atanas"]
[Black "Wachinger, Guenther"]
[WhiteFideId "2901315"]
[BlackFideId "4604261"]
[WhiteElo "2671"]
[BlackElo "2212"]
[Result "1-0"]
[Round "09"]
[TimeControl "180+1"]
[Date "2022.08.09"]
[WhiteClock "0:01:28"]
[BlackClock "0:00:55"]

1. Nf3 b5 2. e4 Bb7 3. e5 b4 4. d4 d6 5. Bd3 dxe5 6. dxe5 e6 7. O-O Bc5 8. Qe2 Nd7 9. Rd1 Qb8 10. Nbd2 Ne7 11. Ne4 Bb6 12. Be3 Nd5 13. Bxb6 axb6 14. Qd2 Nc5 15. Nxc5 bxc5 16. Qg5 O-O 17. Bxh7+ Kxh7 18. Qh5+ Kg8 19. Ng5 Rc8 20. Qxf7+ Kh8 21. Rd3 Nf4 22. Qxf4 1-0


[Site "https://www.chess.com"]

[Event "Titled Tuesday Blitz August 09 Late 2022"]
[White "Djordjevic, Vuk"]
[Black "Rego, Pedro Filipe"]
[WhiteFideId "902098"]
[BlackFideId "1904310"]
[WhiteElo "2456"]
[BlackElo "2125"]
[Result "1-0"]
[Round "09"]
[TimeControl "180+1"]
[Date "2022.08.09"]
[WhiteClock "0:00:15"]
[BlackClock "0:00:06"]

1. d4 Nf6 2. Bg5 Ne4 3. Bf4 c5 4. f3 Qa5+ 5. c3 Nf6 6. d5 Qb6 7. Bc1 g6 8. Nh3 Bg7 9. e4 d6 10. Nf2 O-O 11. Na3 Qd8 12. h4 e6 13. c4 exd5 14. cxd5 Na6 15. g4 h5 16. Bg5 Qa5+ 17. Bd2 Qc7 18. Nb5 Qe7 19. gxh5 Nxh5 20. Bc3 Bxc3+ 21. Nxc3 f5 22. Qd2 f4 23. O-O-O Nc7 24. Rg1 Kh7 25. Rg5 b5 26. e5 Bf5 27. Bd3 b4 28. Bxf5 Rxf5 29. Rxf5 gxf5 30. exd6 Qxd6 31. Na4 Re8 32. Qc2 Ng3 33. Qxc5 Qxc5+ 34. Nxc5 Re2 35. d6 b3 36. axb3 Ne6 37. Nxe6 Rxe6 38. d7 Rc6+ 39. Kb1 1-0


[Site "https://www.chess.com"]

[Event "Titled Tuesday Blitz August 09 Late 2022"]
[White "Ekdyshman, Mikhail"]
[Black "Mardov, Dimitar"]
[WhiteFideId "4149416"]
[BlackFideId "30919495"]
[WhiteElo "2146"]
[BlackElo "2185"]
[Result "1-0"]
[Round "09"]
[TimeControl "180+1"]
[Date "2022.08.09"]
[WhiteClock "0:00:06"]
[BlackClock "0:00:01"]

1. e4 e5 2. Nf3 Nc6 3. Nc3 g6 4. d4 exd4 5. Nxd4 Bg7 6. Nxc6 bxc6 7. Be2 d6 8. O-O Ne7 9. Be3 O-O 10. Bd4 Bh6 11. Bf6 Bg7 12. Bxg7 Kxg7 13. Qd4+ Kg8 14. Rad1 Be6 15. f4 f5 16. Bc4 Qc8 17. Rfe1 Bf7 18. e5 d5 19. e6 Bxe6 20. Bb3 Rf7 21. Na4 Bd7 22. Nc5 Qd8 23. c4 Be8 24. Re5 a5 25. Rde1 a4 26. Bxa4 Rxa4 27. Nxa4 c5 28. Qxc5 Kf8 29. Rxd5 Qb8 30. Rde5 Qd8 31. Nc3 Qd6 32. Qxd6 cxd6 33. R5e3 Bc6 34. Rd1 Rf6 35. b3 h6 36. Kf2 g5 37. g3 Ng6 38. Nd5 Rf7 39. Nc3 gxf4 40. gxf4 Nxf4 41. Rg1 Bd7 42. Ne2 Ne6 43. Rd3 Nc5 44. Re3 Ne4+ 45. Ke1 Bc6 46. Nc3 Nf6 47. Kd2 Ng4 48. Re2 Ne5 49. Rf1 Nf3+ 50. Kc2 Nd4+ 51. Kd2 Nxe2 52. Nxe2 Bd7 53. Rf4 Kg7 54. a4 Kf6 55. Ke3 Re7+ 56. Kf2 Re5 57. Nc3 Be6 58. Rd4 Kg5 59. Rxd6 f4 60. Rd3 Bf5 61. Rd4 Re3 62. Nd5 Rxb3 63. Nxf4 Rb2+ 64. Ne2 Bg4 65. Re4 Bf5 66. Re3 Rb4 67. Rc3 Rxa4 68. Ke3 Ra8 69. c5 Re8+ 70. Kf2 Bc8 71. Nd4 Kf4 72. c6 Rf8 73. Rf3+ 1-0


[Site "https://www.chess.com"]